 Dungeon Crawl Stone Soup version 0.26.0-15-gc6cd9f700b (webtiles) character file.

Game seed: 1540801276536544491

175 dolemite99 the Chopper (level 5, -1/45 HPs)
             Began as a Hill Orc Abyssal Knight on Jan 16, 2021.
             Was a Believer of Lugonu.
             Slain by an orc
             ... wielding a +0 whip
              (2 damage)
             ... on level 4 of the Dungeon.
             The game lasted 00:06:37 (3743 turns).

dolemite99 the Chopper (Hill Orc Abyssal Knight)    Turns: 3743, Time: 00:06:38

Health: -1/45      AC:  6    Str: 16    XL:     5   Next: 55%
Magic:  0/6        EV:  9    Int: 12    God:    Lugonu [**....]
Gold:   195        SH:  0    Dex: 10    Spells: 4/4 levels left

rFire    . . .     SeeInvis +   a - +1 hand axe
rCold    . . .     Faith    .   (no shield)
rNeg     . . .     Spirit   +   H - +0 scale mail
rPois    .         Reflect  .   (no helmet)
rElec    .         Harm     .   (no cloak)
rCorr    .         Rampage  .   (no gloves)
Will     .....                  (no boots)
Stlth    +.........             c - amulet of guardian spirit
HPRegen  0.15/turn              j - ring of see invisible
MPRegen  0.10/turn              m - ring of stealth

@: brilliant
A: no striking features
a: Renounce Religion, Convert to Beogh, Depart the Abyss, Bend Space


You were on level 4 of the Dungeon.
You worshipped Lugonu.
Lugonu was pleased with you.
You visited 1 branch of the dungeon, and saw 4 of its levels.
You visited the Abyss 1 time.

You collected 195 gold pieces.

Inventory:

Hand Weapons
 a - a +1 hand axe (weapon)
 A - a +1 hunting sling of flaming
 G - a +0 morningstar
Missiles
 f - 7 poisoned darts
 g - 7 atropa-tipped darts
 i - 27 arrows
 k - 214 stones
 o - 24 sling bullets
 q - 17 bolts
Armour
 b - a +0 leather armour
 n - a +0 ring mail
 H - a +0 scale mail (worn)
Jewellery
 c - an amulet of guardian spirit (around neck)
 j - a ring of see invisible (left hand)
 l - a +6 ring of dexterity {unknown}
 m - a ring of stealth (right hand)
 w - an uncursed amulet of magic regeneration {unknown}
 D - an uncursed ring of poison resistance {unknown}
 F - a +4 ring of evasion {unknown}
Wands
 B - a wand of iceblast (6)
Scrolls
 d - 4 scrolls of remove curse {unknown}
 e - 2 scrolls of immolation {unknown}
 p - a scroll of fog {unknown}
 s - 2 scrolls of fear {unknown}
 t - 6 scrolls of identify {@r1}
 x - 2 scrolls of random uselessness
 y - a scroll of magic mapping {unknown}
 C - a scroll of teleportation {unknown}
Potions
 h - 2 potions of curing
 r - 2 potions of brilliance
 u - a potion of flight {unknown}
 v - a potion of might {unknown}
 z - a potion of magic
 E - a potion of mutation {unknown}
 I - a potion of berserk rage {unknown}


   Skills:
 - Level 3.6 Fighting
 + Level 7.4 Axes
 - Level 2.1 Armour
 - Level 0.7 Dodging
 - Level 2.4 Invocations


You had 4 spell levels left.
You didn't know any spells.
Your spell library contained the following spells:

 Spells                   Type           Power        Failure   Level
 Beastly Appendage        Tmut           0%           77%         1
 Wereblood                Tmut           0%           88%         2
 Spider Form              Tmut/Pois      0%           98%         3
 Ice Form                 Ice/Tmut       0%           100%        4
 Blade Hands              Tmut           0%           100%        5


Dungeon Overview and Level Annotations

Branches:
Dungeon (4/15)
 Temple: D:4-7

Altars:

Annotations:
D:3 exclusion: downstairs
D:4 Menkaure


Message History

The hound bites you but does no damage.
The phantom blinks!
The orc priest hits you with a +0 flail.
* * * LOW HITPOINT WARNING * * *
You closely miss the orc priest. You hit the orc but do no damage.
You miss the hound. You hit the orc. The orc hits you but does no damage.
The orc hits you with a +0 hand axe.
* * * LOW HITPOINT WARNING * * *
The hound barely misses you.
The phantom blinks!
It was a potion of magic.
Magic courses through your body. The hound bites you.
* * * LOW HITPOINT WARNING * * *
The orc priest hits you with a +0 flail!
* * * LOW HITPOINT WARNING * * *
The orc closely misses you. The orc hits you with a +0 hand axe!
* * * LOW HITPOINT WARNING * * *
The hound barely misses you.
The phantom blinks!
As you read the scroll labelled YJEIM KAMER, it crumbles to dust.
It is a scroll of identify.
x - 2 scrolls of random uselessness The orc hits you with a +0 whip.
You die...

........##.........#
...........##......#
.....#..##.##.....##
....##...#..#[[....#
..............(...##
...###.###.......###
..##
...#ยง......(..## ..
..##.....W..(..##
#.......@o...#
#......oho...#
.........O.....#
..#...........##
##....B....##
........###.
....##.## .. # #...
.. .# .###


You could see a phantom, an ogre, a hound, a worker ant, an orc priest and 2
orcs.

Vanquished Creatures
  An orc wizard (D:4)
  Jessica (D:2)
  5 adders
  A dart slug (D:3)
  2 leopard geckos
  8 orcs
  2 giant cockroaches
  7 goblins
  6 hobgoblins
  4 jackals (D:2)
  3 quokkas (D:2)
  4 ball pythons
  8 bats
  4 frilled lizards
  2 kobolds (D:3)
  7 rats
65 creatures vanquished.

Notes
Turn   | Place    | Note
-------+----------+-------------------------------------------
     0 | Abyss:1  | dolemite99 the Hill Orc Abyssal Knight began the quest for
                  | the Orb.
     0 | Abyss:1  | Reached XP level 1. HP: 19/19 MP: 2/2
    44 | D:1      | Escaped the Abyss
    81 | D:1      | Reached skill level 3 in Axes
   304 | D:1      | Reached XP level 2. HP: 10/26 MP: 1/3
   304 | D:1      | Reached * piety under Lugonu
  1187 | D:2      | Reached skill level 4 in Axes
  1237 | D:2      | Reached XP level 3. HP: 27/31 MP: 2/4
  1452 | D:2      | Noticed Jessica
  1459 | D:2      | Killed Jessica
  1460 | D:2      | Reached skill level 5 in Axes
  1465 | D:2      | Reached XP level 4. HP: 21/39 MP: 3/5
  1821 | D:2      | Reached skill level 6 in Axes
  2771 | D:3      | Reached XP level 5. HP: 36/45 MP: 3/6
  3132 | D:3      | Reached ** piety under Lugonu
  3216 | D:4      | Noticed Menkaure
  3216 | D:4      | Noticed an ogre
  3272 | D:3      | Reached skill level 7 in Axes
  3662 | D:4      | Noticed a phantom
  3742 | D:4      | HP: 1/45 [orc/+0 hand axe (5)]
  3743 | D:4      | Slain by an orc

Illustrated notes

Levels and vault maps discovered:
D:1:      elethiomel_arrival_shortcut, layout_basic, kennysheep_minor_cross
D:2:      layout_rooms, chequers_serial_rivers_micro_a, uniq_jessica
D:3:      layout_loops_corners
D:4:      layout_cave_pools, marbit_many_paths, uniq_menkaure

Skill      XL: |  1  2  3  4  5 |
---------------+----------------+-----
Axes           | 3 4 5 6 7 |  7.4
Fighting       | |  3.6
Armour         | |  2.1
Dodging        | |  0.7
Invocations    | |  2.4

Action                   |  1- 3 |  4- 6 || total
-------------------------+-------+-------++-------
Melee: Hand axe          |    63 |   173 ||   236
Invok: Depart the Abyss  |     1 |       ||     1
  Use: Potion            |       |     3 ||     3
       Scroll            |       |     1 ||     1
 Stab: Sleeping          |     1 |     3 ||     4
Armor: Leather armour    |    23 |       ||    23
       Ring mail         |    21 |    65 ||    86
       Scale mail        |       |    22 ||    22
Dodge: Dodged            |    56 |   118 ||   174
